[Event "GM Clarion Congress Hotel 2020"]
[Site "Ceske Budejovice"]
[Date "2020.07.01"]
[Round "1.2"]
[White "Malinovsky, Karel"]
[Black "Mikes, Jan"]
[Result "1-0"]
[ECO "B33"]
[WhiteElo "2459"]
[BlackElo "2373"]
[Annotator "RC"]
[PlyCount "131"]
[EventDate "2020.07.01"]
[EventType "tourn"]
[EventCountry "CZE"]
[SourceTitle "playchess.com"]
[Source "ChessBase"]
[SourceQuality "1"]
[TimeControl "40/5400+30:1800+30"]

1. e4 c5 2. Nf3 Nc6 3. d4 cxd4 4. Nxd4 Nf6 5. Nc3 e5 6. Ndb5 d6 7. Bg5 a6 8. Na3 b5 9. Nd5 Be7 10. Bxf6 Bxf6 11. c3 O-O 12. Nc2 Rb8 13. Be2 Bg5 14. O-O Kh8 15. Ncb4 Nxb4 16. Nxb4 Bb7 17. Qd3 a5 18. Nd5 b4 19. Rad1 bxc3 20. Nxc3 Be7 21. Rd2 Bg5 22. Rdd1 Be7 23. Rd2 Bg5 24. Rc2 f5 25. Bf3 g6 26. Rd1 Be7 27. Nd5 Bxd5 28. Qxd5 Qb6 29. exf5 gxf5 30. Qe6 Qd8 31. Rdc1 Bg5 32. Rd1 Be7 33. Be2 Rf6 34. Qd5 Rg6 35. g3 Bf8 36. Rd3 f4 37. Rdc3 fxg3 38. hxg3 Qb6 39. Kg2 Rf6 40. Rf3 Rxf3 41. Bxf3 Qd4 42. Qe6 Qa7 43. Be4 Qg7 44. b3 Qg8 45. Qf6+ Qg7 46. Qf5 Rd8 47. Rc8 Rxc8 48. Qxc8 h5 49. Qd8 Qe7 50. Qxa5 h4 51. Qd2 Qf6 52. Qd3 Be7 53. Qf3 hxg3 54. Qxf6+ Bxf6 55. fxg3 Bg5 56. b4 Bd2 57. b5 Ba5 58. Kf3 Kg7 59. Bd5 Kf6 60. Ke4 Bb6 61. a4 Ba5 62. Bb3 Ke7 63. Kd5 Kd7 64. g4 Bd2 65. Ke4 Ke7 66. Kf5 1-0

[Event "GM Clarion Congress Hotel 2020"]
[Site "Ceske Budejovice"]
[Date "2020.07.01"]
[Round "1.5"]
[White "Horvath, Dominik"]
[Black "Cernousek, Lukas"]
[Result "1/2-1/2"]
[ECO "C49"]
[WhiteElo "2446"]
[BlackElo "2458"]
[Annotator "ChessBase"]
[PlyCount "70"]
[EventDate "2020.07.01"]
[EventType "tourn"]
[EventCountry "CZE"]
[SourceTitle "playchess.com"]
[Source "ChessBase"]
[SourceQuality "1"]
[TimeControl "40/5400+30:1800+30"]

1. e4 e5 2. Nf3 Nf6 3. Nc3 Nc6 4. Bb5 Bb4 5. Bxc6 bxc6 6. Nxe5 Qe7 7. Nd3 Bxc3 8. dxc3 Qxe4+ 9. Qe2 Qxe2+ 10. Kxe2 O-O 11. f3 Re8+ 12. Kf2 d6 13. Bg5 Nd7 14. Rhe1 Bb7 15. b3 Kf8 16. a4 c5 17. c4 Rxe1 18. Rxe1 Re8 19. Rd1 f6 20. Bd2 g5 21. Ba5 Nb6 22. Nc1 Re5 23. Ne2 Ke7 24. Bc3 Re6 25. h4 Kf7 26. Ba5 Kg6 27. Nc3 a6 28. g4 h5 29. gxh5+ Kxh5 30. Nd5 Nxd5 31. cxd5 Re7 32. hxg5 Kxg5 33. c4 Kf5 34. Rd3 Rd7 35. b4 Ke5 1/2-1/2

[Event "GM Clarion Congress Hotel 2020"]
[Site "Ceske Budejovice"]
[Date "2020.07.02"]
[Round "2.4"]
[White "Mikes, Jan"]
[Black "Kraus, Tomas"]
[Result "1/2-1/2"]
[ECO "E81"]
[WhiteElo "2373"]
[BlackElo "2453"]
[Annotator "ChessBase"]
[PlyCount "49"]
[EventDate "2020.07.01"]
[EventType "tourn"]
[EventCountry "CZE"]
[SourceTitle "playchess.com"]
[Source "ChessBase"]
[SourceQuality "1"]
[TimeControl "40/5400+30:1800+30"]

1. d4 Nf6 2. c4 g6 3. Nc3 Bg7 4. e4 d6 5. f3 O-O 6. Be3 c5 7. Nge2 Nc6 8. d5 Ne5 9. Ng3 h5 10. Be2 h4 11. Nf1 e6 12. Nd2 exd5 13. cxd5 h3 14. g3 a6 15. a4 Bd7 16. a5 b5 17. axb6 Qxb6 18. Rb1 Qb4 19. O-O Bb5 20. Qc2 Bxe2 21. Nxe2 Qb5 22. Nc3 Qb4 23. Ne2 Qb5 24. Nc3 Qb4 25. Ne2 1/2-1/2

[Event "GM Clarion Congress Hotel 2020"]
[Site "Ceske Budejovice"]
[Date "2020.07.03"]
[Round "3.5"]
[White "Cernousek, Lukas"]
[Black "Yankelevich, Lev"]
[Result "1-0"]
[ECO "D02"]
[WhiteElo "2458"]
[BlackElo "2461"]
[Annotator "ChessBase"]
[PlyCount "63"]
[EventDate "2020.07.01"]
[EventType "tourn"]
[EventCountry "CZE"]
[SourceTitle "playchess.com"]
[Source "ChessBase"]
[SourceQuality "1"]
[TimeControl "40/5400+30:1800+30"]

1. d4 d5 2. Nf3 Nf6 3. g3 c5 4. Bg2 cxd4 5. O-O Bd7 6. Nxd4 e5 7. Nb3 Be6 8. c4 Nc6 9. cxd5 Nxd5 10. N1d2 Qb6 11. Nc4 Qb5 12. Qd3 Nc7 13. Nd6+ Bxd6 14. Qxd6 Bxb3 15. Qxc7 Bd5 16. a4 Qc4 17. Rd1 Bxg2 18. Qd7+ Kf8 19. Kxg2 Qe4+ 20. Kg1 h5 21. Ra3 Qxe2 22. Re3 Qg4 23. Qxg4 hxg4 24. Rd7 Nd4 25. h4 gxh3 26. Bd2 h2+ 27. Kh1 f6 28. Bc3 Ne6 29. f4 Rd8 30. Rxd8+ Nxd8 31. fxe5 fxe5 32. Rxe5 1-0

[Event "GM Clarion Congress Hotel 2020"]
[Site "Ceske Budejovice"]
[Date "2020.07.05"]
[Round "5.1"]
[White "Kraus, Tomas"]
[Black "Stefansson, Hannes"]
[Result "1/2-1/2"]
[ECO "B41"]
[WhiteElo "2449"]
[BlackElo "2542"]
[Annotator "ChessBase"]
[PlyCount "60"]
[EventDate "2020.07.01"]
[EventType "tourn"]
[EventCountry "CZE"]
[SourceTitle "playchess.com"]
[Source "ChessBase"]
[SourceQuality "1"]
[TimeControl "40/5400+30:1800+30"]

1. e4 c5 2. Nf3 e6 3. d4 cxd4 4. Nxd4 a6 5. c4 Nf6 6. Nc3 Bb4 7. Qd3 d5 8. exd5 exd5 9. Be2 O-O 10. O-O Nc6 11. Nxc6 bxc6 12. cxd5 Nxd5 13. Nxd5 Qxd5 14. Qxd5 cxd5 15. Be3 Be6 16. Rac1 Be7 17. Bd4 Rfc8 18. Bd3 a5 19. f4 g6 20. Rce1 Bc5 21. Bxc5 Rxc5 22. f5 gxf5 23. Bxf5 d4 24. Bxe6 fxe6 25. Rxe6 Rc2 26. Rd6 Rxb2 27. a3 Ra2 28. Rxd4 Rxa3 29. Rd7 Rb8 30. Rc1 Rf8 1/2-1/2

[Event "GM Clarion Congress Hotel 2020"]
[Site "Ceske Budejovice"]
[Date "2020.07.05"]
[Round "5.2"]
[White "Michalik, Peter"]
[Black "Malinovsky, Karel"]
[Result "1-0"]
[ECO "E06"]
[WhiteElo "2585"]
[BlackElo "2459"]
[Annotator "ChessBase"]
[PlyCount "81"]
[EventDate "2020.07.01"]
[EventType "tourn"]
[EventCountry "CZE"]
[SourceTitle "playchess.com"]
[Source "ChessBase"]
[SourceQuality "1"]
[TimeControl "40/5400+30:1800+30"]

1. c4 e6 2. Nf3 Nf6 3. d4 d5 4. g3 Be7 5. Bg2 O-O 6. Nc3 dxc4 7. Ne5 Nc6 8. Bxc6 bxc6 9. Nxc6 Qe8 10. Nxe7+ Qxe7 11. Qa4 c5 12. dxc5 Qxc5 13. Be3 Qc7 14. O-O Nd5 15. Bd4 Nxc3 16. Bxc3 Bd7 17. Qa3 Rac8 18. Rfd1 Bc6 19. Rd4 Ba8 20. Rad1 Rfd8 21. Qxa7 Rxd4 22. Qxd4 f6 23. f3 h5 24. Kg2 e5 25. Qh4 Qf7 26. Qh3 Re8 27. Rd7 Qg6 28. e4 Qg5 29. Kf2 Bc6 30. Rd6 Ba4 31. Qf1 Rc8 32. h4 Qg6 33. Bxe5 Qf7 34. Qh3 Re8 35. Bc3 Qa7+ 36. Rd4 Bb5 37. Kg2 Qxa2 38. Qf5 Bc6 39. Qxh5 Qa4 40. Qc5 Bb5 41. h5 1-0

[Event "GM Clarion Congress Hotel 2020"]
[Site "Ceske Budejovice"]
[Date "2020.07.05"]
[Round "5.4"]
[White "Cernousek, Lukas"]
[Black "Mikes, Jan"]
[Result "1/2-1/2"]
[ECO "D02"]
[WhiteElo "2458"]
[BlackElo "2373"]
[Annotator "ChessBase"]
[PlyCount "55"]
[EventDate "2020.07.01"]
[EventType "tourn"]
[EventCountry "CZE"]
[SourceTitle "playchess.com"]
[Source "ChessBase"]
[SourceQuality "1"]
[TimeControl "40/5400+30:1800+30"]

1. d4 d5 2. Nf3 Nf6 3. g3 c6 4. Bg2 g6 5. c4 dxc4 6. a4 a5 7. Na3 Nbd7 8. Nxc4 Nb6 9. Nce5 Bg7 10. Ng5 O-O 11. O-O Nfd5 12. e4 Nb4 13. f4 e6 14. Ngf3 Qe7 15. b3 Nd7 16. Nc4 Rd8 17. Be3 b6 18. Rf2 Ba6 19. Rc1 Rab8 20. Rd2 Nf6 21. Nfe5 Ne8 22. Nf3 Nf6 23. Ne1 c5 24. dxc5 Na2 25. Rcc2 Nb4 26. Rc1 Na2 27. Rcc2 Nb4 28. Rc1 1/2-1/2

[Event "GM Clarion Congress Hotel 2020"]
[Site "Ceske Budejovice"]
[Date "2020.07.05"]
[Round "5.5"]
[White "Yankelevich, Lev"]
[Black "Mihok, Oliver"]
[Result "1/2-1/2"]
[ECO "A59"]
[WhiteElo "2461"]
[BlackElo "2552"]
[Annotator "ChessBase"]
[PlyCount "57"]
[EventDate "2020.07.01"]
[EventType "tourn"]
[EventCountry "CZE"]
[SourceTitle "playchess.com"]
[Source "ChessBase"]
[SourceQuality "1"]
[TimeControl "40/5400+30:1800+30"]

1. d4 Nf6 2. c4 c5 3. d5 b5 4. cxb5 a6 5. bxa6 g6 6. Nc3 Bxa6 7. e4 Bxf1 8. Kxf1 d6 9. Nf3 Bg7 10. g3 O-O 11. Kg2 Qb6 12. Qe2 Qa6 13. Qxa6 Nxa6 14. Bd2 Rfb8 15. Rhb1 Nc7 16. a3 Rb3 17. Bc1 Rxc3 18. bxc3 Nxe4 19. Rb7 Nxc3 20. a4 N3xd5 21. Ra3 Kf8 22. Nd2 Ke8 23. Nc4 Kd8 24. Bd2 Kc8 25. Rb1 Bd4 26. Ba5 Na6 27. Rab3 Nab4 28. Bxb4 Rxa4 29. Bxc5 1/2-1/2

[Event "GM Clarion Congress Hotel 2020"]
[Site "Ceske Budejovice"]
[Date "2020.07.06"]
[Round "6.4"]
[White "Malinovsky, Karel"]
[Black "Horvath, Dominik"]
[Result "1/2-1/2"]
[ECO "C88"]
[WhiteElo "2459"]
[BlackElo "2446"]
[Annotator "RC"]
[PlyCount "99"]
[EventDate "2020.07.01"]
[EventType "tourn"]
[EventCountry "CZE"]
[SourceTitle "playchess.com"]
[Source "ChessBase"]
[SourceQuality "1"]
[TimeControl "40/5400+30:1800+30"]

1. e4 e5 2. Nf3 Nc6 3. Bb5 a6 4. Ba4 Nf6 5. O-O Be7 6. Re1 b5 7. Bb3 O-O 8. a4 d5 9. Bxd5 Nxd5 10. exd5 Nd4 11. Nxe5 Bb7 12. Nc6 Nxc6 13. dxc6 Bxc6 14. axb5 axb5 15. Rxa8 Bxa8 16. Qe2 Qd5 17. Qf1 Bd6 18. Nc3 Qh5 19. h3 Bc6 20. d3 f5 21. Qe2 Qg6 22. Qe6+ Qxe6 23. Rxe6 b4 24. Nb1 Ra8 25. Re1 Ba4 26. Re2 Kf7 27. g3 h6 28. Bf4 Bxf4 29. gxf4 Bc6 30. Re1 g5 31. fxg5 hxg5 32. Nd2 Rh8 33. Nc4 Bb7 34. Ne5+ Kg7 35. f4 Rxh3 36. fxg5 f4 37. Rf1 Rg3+ 38. Kf2 Rxg5 39. Rg1 Rxg1 40. Kxg1 Kf6 41. Nd7+ Kf5 42. Kf2 Bc8 43. Nc5 Ke5 44. Kf3 Bf5 45. Nb3 Bg6 46. Kg4 Bf7 47. Nd2 Be6+ 48. Kf3 Bd5+ 49. Kg4 Be6+ 50. Kf3 1/2-1/2